 Dungeon Crawl Stone Soup version 0.31.0-32-g396128a36d (webtiles) character file.

Game seed: 4132229306443733998

491 AdnanSaban the Cudgeller (level 7, -1/43 HPs)
             Began as a Gargoyle Fighter on Apr 15, 2024.
             Slain by Crazy Yiuf
             ... wielding a +4 quarterstaff of chaos
              (7 damage)
             ... on level 4 of the Dungeon.
             The game lasted 00:03:10 (3366 turns).

AdnanSaban the Cudgeller (Gargoyle Fighter)         Turns: 3366, Time: 00:03:11

Health: -1/43      AC: 13    Str: 21    XL:     7   Next: 14%
Magic:  0/7        EV: 10    Int:  9    God:
Gold:   190        SH:  4    Dex:  9    Spells: 6/6 levels left

rFire   . . .        u - +1 flail (holy)
rCold   . . .        c - +0 buckler
rNeg    + . .        b - +0 scale mail
rPois   ∞            r - +0 helmet
rElec   +            (no cloak)
rCorr   .            (no gloves)
SInv    .            (no boots)
Will    .....        n - amulet of the acrobat Stlth
                     (no ring)
HPRegen 0.27/turn    (no ring)
MPRegen 0.10/turn

%: acrobat
@: weakened
A: sickness immunity, AC +4, negative energy resistance 1, electricity
resistance, torment resistance 1, petrification resistance
a: no special abilities


You were on level 4 of the Dungeon.
You visited 1 branch of the dungeon, and saw 4 of its levels.

You collected 190 gold pieces.

Inventory:

Hand Weapons
 u - a +1 flail of holy wrath (weapon)
Armour
 b - a +0 scale mail (worn)
 c - a +0 buckler (worn)
 r - a +0 helmet (worn)
Jewellery
 n - an amulet of the acrobat (around neck)
Wands
 q - a wand of flame (25)
 t - a wand of quicksilver (8)
Scrolls
 a - a scroll of enchant armour {unknown}
 e - a scroll of immolation {unknown}
 f - a scroll of amnesia {unknown}
 g - 6 scrolls of identify {unknown}
 j - a scroll of silence {unknown}
 k - 2 scrolls of teleportation {unknown}
 l - 2 scrolls of blinking {unknown}
 o - 3 scrolls of torment {unknown}
 p - a scroll of enchant weapon {unknown}
Potions
 d - a potion of might
 h - a potion of resistance {unknown}
 i - a potion of haste {unknown}
 m - a potion of attraction {unknown}
 s - 2 potions of curing {unknown}
 v - a potion of cancellation {unknown}
 w - 2 potions of enlightenment {unknown}


   Skills:
 + Level 4.0 Fighting
 + Level 5.2 Maces & Flails
 + Level 4.7 Armour
 + Level 2.0 Dodging
 + Level 0.1 Stealth
 + Level 4.2 Shields


You had 6 spell levels left.
You didn't know any spells.
Your spell library contained the following spells:

 Spells                   Type           Power      Damage    Failure   Level
 Dazzling Flash           Conj/Hex       0%         N/A       98%         3
 Mephitic Cloud           Conj/Alch/Air  0%         N/A       98%         3
 Curse of Agony           Necr           0%         N/A       100%        5
 Silence                  Hex/Air        0%         N/A       100%        5


Dungeon Overview and Level Annotations

Branches:
Dungeon (4/15)
 Temple: D:4-7

Altars:
Elyvilon

Annotations:
D:4 Crazy Yiuf


Innate Abilities, Weirdness & Mutations

You are immune to sickness and miasma.
Your stone body is resilient. (AC +4)
You are immune to poison.
You resist negative energy. (rN+)
You are resistant to electric shocks. (rElec)
You are resistant to unholy torment.
You are immune to petrification.


Message History

Partly explored, can't reach some places.
No target in view!
Partly explored, can't reach some places.
You sock the fungus!
The fungus begins to die.
The fungus is lightly damaged.
You hit the fungus.
The fungus begins to die.
The fungus is lightly damaged.
You sock the fungus!
The fungus begins to die.
The fungus is lightly damaged.
A nearby fungus withers and dies.
You thump the fungus!
The fungus is lightly damaged.
A nearby fungus withers and dies.
A nearby fungus withers and dies.
Found a runed translucent door.
Crazy Yiuf shouts!
You open the door. You sock Crazy Yiuf!
Crazy Yiuf is moderately wounded.
Crazy Yiuf hits you with a +4 quarterstaff of chaos! x2
You feel your attacks grow feeble.
You hit Crazy Yiuf.
Crazy Yiuf is heavily wounded.
Crazy Yiuf hits you with a +4 quarterstaff of chaos!
You feel as though you will be weak longer.
You barely miss Crazy Yiuf.
Crazy Yiuf is heavily wounded.
Crazy Yiuf hits you with a +4 quarterstaff of chaos!
* * * LOW HITPOINT WARNING * * *
You feel your power leaking away.
You closely miss Crazy Yiuf.
Crazy Yiuf is heavily wounded.
You block Crazy Yiuf's attack.
You closely miss Crazy Yiuf.
Crazy Yiuf is heavily wounded.
You block Crazy Yiuf's attack.
You hit Crazy Yiuf.
Crazy Yiuf is severely wounded.
Crazy Yiuf hits you with a +4 quarterstaff of chaos!
You die...

###♣♣♣♣♣ ##..P.♣.♣♣♣ ###
###....♣.♣..♣#...# ##########
#......P♣♣♣♣@g...# #.........
#.#....♣♣ ♣♣#..)# ##########
#.####♣♣ ### #........ #####.###
##.####### ........# #........#
#########################.#####.#
............................>##.#
...##.#################.......#.#
.####.# #.........###..#..


You could see Crazy Yiuf.

Vanquished Creatures
  Edmund (D:4)
  2 scorpions (D:4)
  Ijyb (D:3)
  2 iguanas (D:4)
  Natasha (thrice) (D:3)
  Robin (D:3)
  4 adders
  2 dart slugs
  A ribbon worm (D:4)
  6 bats
  7 endoplasms
  4 giant cockroaches
  12 goblins
  9 hobgoblins
  2 quokkas
  2 ball pythons
  2 frilled lizards
  5 kobolds
  6 rats
72 creatures vanquished.

Notes
Turn   | Place    | Note
-------+----------+-------------------------------------------
     0 | D:1      | AdnanSaban the Gargoyle Fighter began the quest for the
                  | Orb.
     0 | D:1      | Reached XP level 1. HP: 14/14 MP: 1/1
   336 | D:1      | Reached XP level 2. HP: 19/19 MP: 2/2
   681 | D:1      | Reached XP level 3. HP: 8/23 MP: 3/3
   972 | D:2      | Reached XP level 4. HP: 29/29 MP: 4/4
  1108 | D:2      | Found a white marble altar of Elyvilon.
  1464 | D:3      | Reached skill level 3 in Maces & Flails
  1553 | D:3      | Noticed Robin
  1587 | D:3      | HP: 1/29 [Robin/+0 whip (4)]
  1589 | D:3      | Killed Robin
  1796 | D:3      | Noticed Ijyb
  1813 | D:3      | Killed Ijyb
  1814 | D:3      | Reached XP level 5. HP: 2/33 MP: 5/5
  2020 | D:3      | Noticed Natasha
  2031 | D:3      | Killed Natasha
  2032 | D:3      | Reached skill level 1 in Dodging
  2131 | D:3      | Noticed Natasha
  2137 | D:3      | Killed Natasha
  2138 | D:3      | Reached skill level 4 in Maces & Flails
  2239 | D:3      | Noticed Natasha
  2249 | D:3      | Killed Natasha
  2278 | D:4      | Reached XP level 6. HP: 32/38 MP: 6/6
  2398 | D:4      | Noticed Edmund
  3137 | D:4      | Killed Edmund
  3138 | D:4      | Reached skill level 5 in Maces & Flails
  3138 | D:4      | Reached XP level 7. HP: 37/43 MP: 7/7
  3356 | D:4      | Found a runed translucent door.
  3357 | D:4      | Noticed Crazy Yiuf
  3366 | D:4      | Slain by Crazy Yiuf

Illustrated notes

Levels and vault maps discovered:
D:1:      dpeg_arrival_short_road, layout_basic
D:2:      layout_rooms, basic_altar, minmay_hexomino_f4
D:3:      layout_loops_cross, uniq_robin, uniq_ijyb, uniq_natasha
D:4:      layout_basic, serial_curves, eino_curves_03, eino_curves_03,
          uniq_edmund, uniq_crazy_yiuf_cottage

Skill      XL: |  1  2  3  4  5  6 |
---------------+-------------------+-----
Armour         | 4 |  4.7
Maces & Flails | 3 4 5 |  5.2
Dodging        | 2 |  2.0
Shields        | 4 |  4.2
Fighting       | 4 |  4.0
Stealth        | |  0.1

Action                     |  1- 3 |  4- 6 |  7- 9 || total
---------------------------+-------+-------+-------++-------
  Melee: Flail             |    78 |   172 |    13 ||   263
  Throw: Throwing net      |       |     1 |       ||     1
 Armour: Scale mail        |    84 |   136 |     8 ||   228
  Dodge: Dodged            |    69 |    91 |       ||   160
  Block: Buckler           |    22 |    38 |     2 ||    62
